 Dungeon Crawl Stone Soup version 0.21-a0-321-g91e3373 (webtiles) character file.

2587 Hasart the Gouger (level 9, -8/41 HPs)
             Began as a Felid Monk on Sept 30, 2017.
             Was an Elder of Nemelex Xobeh.
             Killed by divine providence
             ... invoked by an orc priest
              (11 damage)
             ... on level 1 of the Orcish Mines.
             The game lasted 00:30:46 (12019 turns).

Hasart the Gouger (Felid Monk)                     Turns: 12019, Time: 00:30:47

Health: -8/41      AC:  2    Str:  9    XL:     9   Next: 32%
Magic:  15/15      EV: 27    Int: 13    God:    Nemelex Xobeh [****..]
Gold:   113        SH:  0    Dex: 19    Spells: 8/8 levels left
                                        Lives:  0   Deaths: 3

rFire    . . .     SeeInvis +     - Unarmed
rCold    . . .     Gourm    .   (shield unavailable)
rNeg     . . .     Faith    +   (armour unavailable)
rPois    .         Spirit   .   (helmet unavailable)
rElec    .         Reflect  .   (cloak unavailable)
rCorr    +         Harm     .   (gloves unavailable)
MR       +....                  (boots unavailable)
Stlth    +++.......             o - amulet of faith
HPRegen  0.13/turn              c - ring of resist corrosion
MPRegen  0.14/turn              F - ring of flight

@: quick
A: no armour, no weapons or thrown items, stealth, claws 1, fangs 3, see
invisible, carnivore 3, speed 1, shaggy fur 2, slow metabolism 1, sharp paws
a: Triple Draw, Deal Four, Renounce Religion, Evoke Flight


You were on level 1 of the Orcish Mines.
You worshipped Nemelex Xobeh.
Nemelex Xobeh was greatly pleased with you.
You were completely stuffed.

You visited 3 branches of the dungeon, and saw 12 of its levels.

You collected 558 gold pieces.
You spent 445 gold pieces at shops.

Inventory:

Jewellery
 c - a ring of resist corrosion (left paw)
 o - an amulet of faith (around neck)
 z - an uncursed ring of positive energy {unknown}
 B - an uncursed ring of fire
 F - a ring of flight (right paw)
 O - an uncursed ring of ice {unknown}
 U - an uncursed ring of ice {unknown}
Wands
 g - a wand of polymorph (7/24)
 v - a wand of digging (8/24)
 G - a wand of lightning (6/15)
 K - a wand of confusion (24/48)
 M - a wand of digging (8/24)
 N - a wand of paralysis (5/24)
 Q - a wand of polymorph (20/24)
 R - a wand of lightning (6/15)
Scrolls
 e - 11 scrolls of identify
 h - 3 scrolls of noise {unknown}
 i - a scroll of brand weapon {unknown}
 k - 3 scrolls of blinking {unknown}
 m - 7 scrolls of remove curse
 n - 2 scrolls of random uselessness {unknown}
 r - 5 scrolls of teleportation
 t - a scroll of amnesia {unknown}
 u - 6 scrolls of recharging {unknown}
 w - 4 scrolls of magic mapping
 D - 2 scrolls of fog {unknown}
 H - a scroll of enchant weapon {unknown}
 I - a scroll of silence {unknown}
 J - a scroll of immolation {unknown}
 P - a scroll of fear
Potions
 b - 3 potions of heal wounds {unknown}
 d - 2 potions of brilliance {unknown}
 f - a potion of agility {unknown}
 j - a potion of degeneration {unknown}
 l - a potion of magic {unknown}
 p - a potion of ambrosia {unknown}
 q - 2 potions of cancellation {unknown}
 s - 5 potions of lignification
 C - 3 potions of curing
 S - a potion of might
Books
 A - a book of Callings

   Spells                             Type                      Level
   a - Summon Small Mammal            Summoning                    1
   b - Call Imp                       Summoning                    2
   c - Call Canine Familiar           Summoning                    3
   d - Summon Guardian Golem          Hexes/Summoning              3
   e - Summon Lightning Spire         Summoning/Air                4
   f - Summon Ice Beast               Ice/Summoning                4
Miscellaneous
 y - a plain deck of escape
 E - a legendary deck of summoning {drawn: 5}
 L - a plain deck of escape
 V - a plain deck of destruction
Comestibles
 a - 4 meat rations
 x - 3 royal jellies


   Skills:
 + Level 5.9 Fighting
 + Level 10.4 Dodging
 - Level 2.6 Stealth
 * Level 11.0 Unarmed Combat
 + Level 6.1 Invocations
 + Level 7.8 Evocations


You had 8 spell levels left.
You didn't know any spells.

Dungeon Overview and Level Annotations

Branches:
Dungeon (10/15)            Temple (1/1) D:5             Orc (1/2) D:9
   Lair: D:8-11

Altars:
Ashenzari
Cheibriados
Dithmenos
Elyvilon
Fedhas
Gozag
Hepliaklqana
Kikubaaqudgha
Makhleb
Nemelex Xobeh
Okawaru
Qazlal
Ru
Sif Muna
Trog
Vehumet
Wu Jian
Xom
Yredelemnul
The Shining One
Beogh

Shops:
D:5 ?   D:9 (   D:10 ![?}:

Annotations:
Orc:1 Fannar


Innate Abilities, Weirdness & Mutations

You cannot wear armour.
You are incapable of wielding weapons or throwing items.
Your paws allow you to move quietly. (Stealth)
You have sharp claws.
You have razor-sharp teeth.
You have supernaturally acute eyesight. (SInv)
You are carnivorous and can eat meat at any time.
You cover ground quickly.
You are covered in thick fur. (AC +2)
You have a slow metabolism.
Your sharp claws are effective at attacking unaware monsters.


Message History

The orc warrior misses you.
Evoke which item? (* to show all) (? for menu, Esc to quit)
You draw a card...
It is the Dance.
The orc priest calls down the wrath of Beogh upon you.
Beogh smites you!
* * * LOW HITPOINT WARNING * * *
The orc warrior hits you with a glaive!
* * * LOW HITPOINT WARNING * * *
Unknown command.
The orc wizard miscasts a cantrip.
The orc priest begins to cast a cantrip, but forgets the words!
Your demon trident "Caiqos" {flame, rPois MR- Dex+3} hits the orc warrior!
Your demon trident "Caiqos" {flame, rPois MR- Dex+3} burns the orc warrior.
Your demon trident "Caiqos" {flame, rPois MR- Dex+3} hits the orc warrior.
Your demon trident "Caiqos" {flame, rPois MR- Dex+3} burns the orc warrior.
The orc warrior closely misses your demon trident "Caiqos" {flame, rPois MR- Dex+3}.
The orc priest invokes the aid of Beogh against you.
Beogh smites you!
You die...
Your body disappears without a glow.

..............##
_...........#...#.
..........e....#..
.............#...
####....#..oT.o....
.##..........ooo...#$
........>...oo(..#...
......#..............
.............@.....##
...............#...#
..................##
.......<>..........#
..........#.......##
...........####..##
........#...# ..#
............# .##
##...#.......#


You could see Fannar, a troll, an orc warrior, 2 orc priests, 2 orc wizards, 2
orcs and a friendly demon trident "Caiqos" {flame, rPois MR- Dex+3}.

Vanquished Creatures
  2 two-headed ogres (D:9)
  2 trolls
  Prince Ribbit (D:8)
  A spriggan (D:8)
  2 wyverns (D:10)
  An orc warrior (D:9)
  3 sky beasts
  2 ogres (D:8)
  2 ice beasts
  A phantom (D:7)
  3 centaurs
  5 bullfrogs
  A wyvern zombie (D:10)
  Dowan (D:7)
  5 scorpions
  An electric eel (D:9)
  3 howler monkeys
  2 jellies
  A bullfrog skeleton (D:5)
  3 hounds
  3 orc priests
  2 orc wizards (D:4)
  A centaur skeleton (D:5)
  Jessica (D:3)
  5 worker ants
  Natasha (thrice) (D:3)
  6 iguanas
  A howler monkey zombie (D:10)
  A worker ant zombie (D:5)
  A gnoll (D:6)
  13 adders
  A shadow imp (D:8)
  An ooze (D:5)
  An adder skeleton (D:4)
  3 worms
  3 dart slugs
  6 leopard geckos
  18 orcs
  10 bats
  10 giant cockroaches
  5 goblins
  11 hobgoblins
  12 jackals
  5 kobolds
  8 quokkas
  2 ball pythons (D:2)
  6 frilled lizards
  A quokka zombie (D:7)
  5 rats
187 creatures vanquished.

Vanquished Creatures (collateral kills)
  2 two-headed ogres
  Pikel (D:7)
  An ugly thing (D:7)
  A gargoyle (D:10)
  A redback (D:6)
  A wyvern (D:10)
  A hungry ghost (D:8)
  5 orc warriors
  4 slaves (D:7)
  A necrophage (D:8)
  2 centaurs (D:6)
  A gnoll sergeant (D:6)
  A scorpion (D:6)
  2 killer bees (D:7)
  A hound (D:7)
  A jelly (D:6)
  A centaur skeleton (D:6)
  8 orc wizards
  A bullfrog skeleton (D:7)
  4 gnolls (D:6)
  A worker ant zombie (D:6)
  A shadow imp (D:6)
  An adder zombie (D:6)
  3 leopard geckos (D:6)
  7 orcs
  A quokka (D:10)
54 creatures vanquished.

Vanquished Creatures (others)
  2 orc warriors
  A black bear (D:6)
  An ogre (D:6)
  A centaur (D:7)
  2 killer bees (D:7)
  A hound (D:6)
  An orc priest (D:9)
  An orc (D:9)
10 creatures vanquished.

Grand Total: 251 creatures vanquished

Notes
Turn   | Place    | Note
-------+----------+-------------------------------------------
     0 | D:1      | Hasart the Felid Monk began the quest for the Orb.
     0 | D:1      | Reached XP level 1. HP: 10/10 MP: 2/2
   419 | D:1      | Reached XP level 2. HP: 10/14 MP: 3/3
  1090 | D:1      | Reached XP level 3. HP: 17/17 MP: 4/4
  1172 | D:2      | Reached skill level 4 in Unarmed Combat
  1460 | D:2      | Reached skill level 5 in Dodging
  1484 | D:2      | Reached XP level 4. HP: 21/21 MP: 5/5
  2232 | D:3      | Noticed Jessica
  2235 | D:3      | Killed Jessica
  2266 | D:3      | Reached XP level 5. HP: 24/24 MP: 6/6
  2369 | D:3      | Noticed Natasha
  2381 | D:3      | Killed Natasha
  2381 | D:3      | Reached skill level 5 in Unarmed Combat
  2381 | D:3      | Reached skill level 1 in Evocations
  2493 | D:3      | Found a shattered altar of Ashenzari.
  2701 | D:3      | Noticed Natasha
  2707 | D:3      | Killed Natasha
  2814 | D:3      | Noticed Natasha
  2824 | D:3      | Killed Natasha
  3227 | D:3      | Found an iron altar of Okawaru.
  3230 | D:3      | Found an ancient bone altar of Kikubaaqudgha.
  3233 | D:3      | Found an ornate altar of the Wu Jian Council.
  3369 | D:4      | Gained mutation: You are covered in thick fur. (AC +2) [Felid growth]
  3369 | D:4      | Reached XP level 6. HP: 28/28 MP: 8/8
  3736 | D:4      | Found an opulent altar of Gozag.
  3918 | D:4      | Reached skill level 6 in Unarmed Combat
  4269 | D:5      | Entered Level 5 of the Dungeon
  4289 | D:5      | Reached XP level 7. HP: 25/31 MP: 10/10
  4428 | D:5      | Found a staircase to the Ecumenical Temple.
  4437 | Temple   | Entered the Ecumenical Temple
  4786 | D:5      | Found a radiant altar of Vehumet.
  4786 | D:5      | Found a sparkling altar of Nemelex Xobeh.
  4787 | D:5      | Found a basalt altar of Yredelemnul.
  4805 | D:5      | Found a bloodstained altar of Trog.
  4809 | D:5      | Became a worshipper of Nemelex Xobeh the Trickster
  4809 | D:5      | Received a gift from Nemelex Xobeh
  4809 | D:5      | Reached * piety under Nemelex Xobeh
  4809 | D:5      | Received a gift from Nemelex Xobeh
  4809 | D:5      | Reached ** piety under Nemelex Xobeh
  4811 | D:5      | Found a hazy altar of Hepliaklqana.
  4839 | D:5      | Reached skill level 7 in Unarmed Combat
  4911 | D:5      | Found Zofufreagh's Magic Scroll Boutique.
  4922 | D:5      | Bought a scroll of remove curse for 45 gold pieces
  4922 | D:5      | Bought a scroll of identify for 30 gold pieces
  4922 | D:5      | Bought a scroll of magic mapping for 52 gold pieces
  5290 | D:5      | Reached skill level 1 in Invocations
  5468 | D:6      | Received a gift from Nemelex Xobeh
  5496 | D:6      | Reached XP level 8. HP: 33/34 MP: 12/12
  5593 | D:6      | Noticed a manticore
  5594 | D:6      | a manticore changed into a redback
  5640 | D:6      | Reached skill level 8 in Unarmed Combat
  6147 | D:6      | Received a gift from Nemelex Xobeh
  6628 | D:6      | Found a shimmering altar of Xom.
  6940 | D:7      | Noticed Pikel
  6962 | D:7      | Killed Pikel
  6962 | D:7      | Reached skill level 5 in Evocations
  7088 | D:7      | Received a gift from Nemelex Xobeh
  7093 | D:7      | Reached *** piety under Nemelex Xobeh
  7172 | D:7      | Reached XP level 9. HP: 28/37 MP: 14/14
  7416 | D:7      | Found a shimmering altar of Xom.
  7476 | D:7      | Noticed a white ugly thing
  7490 | D:7      | Killed a white ugly thing
  7490 | D:7      | Reached skill level 9 in Unarmed Combat
  7746 | D:7      | Killed from afar by an orc wizard
  7747 | D:7      | Reached XP level 8. HP: -6/34 MP: 13/13
  8461 | D:7      | Received a gift from Nemelex Xobeh
  8523 | D:7      | Noticed Dowan
  8526 | D:7      | Noticed a cyclops
  8527 | D:7      | Killed Dowan
  8528 | D:7      | Noticed Duvessa
  8580 | D:7      | Noticed Duvessa
  8580 | D:7      | Duvessa changed into Duvessa the worm
  8586 | D:7      | Killed Duvessa the worm
  8908 | D:8      | Noticed a two-headed ogre
  8922 | D:8      | Killed a two-headed ogre
  8922 | D:8      | Reached XP level 9. HP: 32/39 MP: 14/14
  9513 | D:8      | Noticed Prince Ribbit
  9521 | D:8      | Killed Prince Ribbit
  9737 | D:9      | Received a gift from Nemelex Xobeh
  9774 | D:9      | Reached **** piety under Nemelex Xobeh
  9799 | D:9      | Reached skill level 5 in Invocations
  9845 | D:9      | Found Asisaa's Antique Weapon Shoppe.
  9889 | D:9      | Reached skill level 10 in Unarmed Combat
  9889 | D:9      | Killed by a card of wild magic
  9890 | D:9      | Reached XP level 8. HP: -11/36 MP: 14/14
  9957 | D:9      | Noticed a two-headed ogre
  9979 | D:9      | Killed a two-headed ogre
  9992 | D:9      | Noticed a two-headed ogre
 10027 | D:9      | Killed a two-headed ogre
 10027 | D:9      | Reached skill level 5 in Fighting
 10027 | D:9      | Reached XP level 9. HP: 14/40 MP: 15/15
 10480 | D:9      | Noticed a two-headed ogre
 10507 | D:10     | Entered Level 10 of the Dungeon
 10511 | D:10     | Received a gift from Nemelex Xobeh
 10528 | D:10     | Noticed a gargoyle
 10538 | D:10     | Killed a gargoyle
 10574 | D:10     | Found Jianwiso's Antique Armour Emporium.
 10877 | D:10     | Found Metokh's Book Shoppe.
 11213 | D:10     | Found Hezuacwa's Magic Scroll Shoppe.
 11215 | D:10     | Reached skill level 10 in Dodging
 11312 | D:10     | Noticed a troll
 11331 | D:10     | Killed a troll
 11348 | D:10     | Bought a scroll of fear for 52 gold pieces
 11348 | D:10     | Bought a scroll of teleportation for 45 gold pieces
 11400 | D:10     | Found a basalt altar of Yredelemnul.
 11499 | D:10     | Found Bareps's Gadget Shop.
 11502 | D:10     | Bought a wand of lightning (9/15) for 130 gold pieces
 11521 | D:10     | Found Ceibe's Distillery.
 11524 | D:10     | Bought a potion of might for 52 gold pieces
 11524 | D:10     | Bought a potion of lignification for 39 gold pieces
 11617 | D:9      | Killed a two-headed ogre
 11617 | D:9      | Reached XP level 10. HP: 45/45 MP: 16/16
 11709 | D:9      | Killed from afar by an orc priest
 11710 | D:9      | Reached XP level 9. HP: 0/41 MP: 15/15
 11722 | D:9      | Killed a troll
 11921 | D:9      | Received a gift from Nemelex Xobeh
 11984 | D:9      | Reached skill level 11 in Unarmed Combat
 11986 | D:9      | Found a staircase to the Orcish Mines.
 12009 | Orc:1    | Entered Level 1 of the Orcish Mines
 12012 | Orc:1    | Found a roughly hewn altar of Beogh.
 12014 | Orc:1    | Noticed a troll
 12015 | Orc:1    | Noticed Fannar
 12016 | Orc:1    | HP: 2/41 [orc warrior/glaive (10)]
 12019 | Orc:1    | Killed from afar by an orc priest

Vault maps used:
D:1:      minmay_arrival_four_houses
D:2:      minmay_pentomino_q2
D:3:      evilmike_ruin_ashenzari, grunt_temple_overflow_diamond, first_bread,
          uniq_natasha, uniq_jessica
D:4:      grunt_gozag_statues
D:5:      nicolae_overflow_hidden_temple, minmay_temple_entry_mist,
          serial_corexii_hall, corexii_hall_statues_deadend,
          corexii_hall_statues_s, serial_shops, shop
D:6:      xom_confusion_cloud, serial_bayou_ford_a
D:7:      cheibrodos_fzero, basic_altar, uniq_duvessa, uniq_pikel
D:8:      the_bakery, st_stairs_7, uniq_prince_ribbit1
D:9:      minitemple, erik_orc_2, serial_shops, shop
D:10:     serial_shops, shop, kennysheep_little_box, nicolae_shop_behind_doors,
          shop, shop_scrolls, basic_altar
Temple:   eino_temple_lava
Orc:1:    basic_altar, serial_shops, shop, nicolae_shop_window_shopping,
          nicolae_shop_behind_doors, shop, uniq_fannar

Skill      XL: |  1  2  3  4  5  6  7  8  9 |
---------------+----------------------------+-----
Unarmed Combat | 4 5 6 7 8 11 | 11.0
Dodging        | 5 6 7 9 10 | 10.4
Evocations     | 2 3 4 7 |  7.8
Invocations    | 1 4 6 |  6.1
Fighting       | 5 |  5.9
Stealth        | |  2.6

Action                   |  1- 3 |  4- 6 |  7- 9 | 10-12 || total
-------------------------+-------+-------+-------+-------++-------
Melee: Unarmed           |    93 |   165 |   337 |     5 ||   600
       Bite              |     6 |    17 |    48 |       ||    71
       Punch             |       |     6 |    13 |       ||    19
Evoke: Deck              |       |       |    49 |       ||    49
       Wand              |       |       |    10 |     1 ||    11
  Use: Potion            |       |       |     2 |       ||     2
       Scroll            |       |       |     1 |       ||     1
 Stab: Sleeping          |    14 |    23 |    12 |       ||    49
       Distracted        |       |     1 |     2 |       ||     3
       Petrified         |       |       |     1 |       ||     1
       Paralysed         |       |       |     3 |       ||     3
       Petrifying        |       |       |     1 |       ||     1
  Eat: Chunk             |     8 |     6 |    30 |     1 ||    45
Armor: Skin              |     5 |     4 |     6 |       ||    15
Dodge: Dodged            |    67 |   120 |   306 |     3 ||   496

Table legend:
 A = Spawn XP
 B = Non-spawn XP
 C = Spawn XP percentage of total XP
 D = Spawn monster count
 E = Non-spawn monster count
 F = Spawn count percentage of total count
 G = Total turns spent on level
                    A         B        C        D         E        F      G
               +---------+---------+-------+---------+---------+-------+---------
         Total |       0 |   10490 |   0.0 |       0 |     243 |   0.0 | 12019
               +---------+---------+-------+---------+---------+-------+---------
           D:1 |       0 |      41 |   0.0 |       0 |      23 |   0.0 |  1101
           D:2 |       0 |     104 |   0.0 |       0 |      37 |   0.0 |  1131
           D:3 |       0 |     184 |   0.0 |       0 |      18 |   0.0 |  1102
           D:4 |       0 |     321 |   0.0 |       0 |      16 |   0.0 |   935
           D:5 |       0 |     721 |   0.0 |       0 |      18 |   0.0 |  1022
           D:6 |       0 |     736 |   0.0 |       0 |      23 |   0.0 |  1443
           D:7 |       0 |    1700 |   0.0 |       0 |      35 |   0.0 |  1932
           D:8 |       0 |    1680 |   0.0 |       0 |      21 |   0.0 |   869
           D:9 |       0 |    3668 |   0.0 |       0 |      38 |   0.0 |  1203
          D:10 |       0 |    1333 |   0.0 |       0 |      13 |   0.0 |  1094
        Temple |       0 |       2 |   0.0 |       0 |       1 |   0.0 |   177
               +---------+---------+-------+---------+---------+-------+---------
